 Dungeon Crawl Stone Soup version 0.16-a0-2930-gdd371d7 (webtiles) character file.

850 RobertPalmer the Cudgeler (level 8, -4/37 HPs)
             Began as a Vine Stalker Artificer on Dec 3, 2014.
             Slain by an iguana (7 damage)
             ... on level 4 of the Dungeon.
             The game lasted 00:14:47 (3141 turns).

RobertPalmer the Cudgeler (Vine Stalker Artificer)  Turns: 3141, Time: 00:14:47

Health: -4/37      AC:  5    Str: 14    XL:     8   Next: 1%
Magic:  0/16       EV: 11    Int: 13    God:
Gold:   124        SH:  0    Dex: 16    Spells: 0 memorised, 7 levels left

rFire  . . .     SeeInvis .     a - +5 whip (elec)
rCold  . . .     Clarity  .     e - +0 leather armour
rNeg   . . .     SustAb   .     (no shield)
rPois  +         Gourm    .     p - +1 hat (curse)
rElec  .         Spirit   +     u - +0 cloak (curse)
rCorr  .         Warding  .     (no gloves)
rMut   .         Stasis   .     (no boots)
MR     +....                    (no amulet)
Stlth  ++........               (no ring)
                                B - ring of poison resistance (curse)

@: somewhat resistant to hostile enchantments, unstealthy
A: fangs 3, regeneration 2, magic shield, antimagic bite, no device heal 3, rot
immunity
a: no special abilities


You were on level 4 of the Dungeon.
You were very hungry.

You visited 1 branch of the dungeon, and saw 4 of its levels.
You also visited: Sewer and Ossuary.

You collected 124 gold pieces.


Innate Abilities, Weirdness & Mutations

You have razor-sharp teeth.
You heal very quickly.
When hurt, damage is shared between your health and your magic reserves.
Your bite disrupts and absorbs the magic of your enemies.
Potions and wands cannot restore your health.
You are immune to rotting.


   Skills:
 - Level 0.8 Fighting
   Level 1.6 Short Blades
 + Level 7.2 Maces & Flails
 - Level 1.5 Dodging
 - Level 1.2 Stealth
 - Level 3.9 Evocations


You had 7 spell levels left.
You didn't know any spells.

Inventory:

Hand weapons
 a - a +5 whip of electrocution (weapon)
 b - a +0 blowgun
Missiles
 o - 4 curare-tipped needles
 t - 17 poisoned needles
Armour
 e - a +0 leather armour (worn)
 p - a cursed +1 hat (worn)
 u - a cursed +0 cloak (worn)
Jewellery
 B - a cursed ring of poison resistance (left hand)
Magical devices
 c - a wand of enslavement (23)
 d - a wand of random effects (14)
 C - a wand of flame (11)
Scrolls
 j - 3 scrolls of teleportation
 m - 5 scrolls of identify
 n - a scroll of magic mapping
 w - a scroll of immolation {!r}
Potions
 h - 4 potions of heal wounds {unknown}
 i - a potion of restore abilities {unknown}
 l - a potion of resistance {unknown}
 q - 7 potions of curing
 v - a potion of agility {unknown}
 x - 2 potions of lignification {unknown}
 A - 3 potions of haste {unknown}
 D - 2 potions of might {unknown}
 F - 4 potions of poison {unknown}
 H - 2 potions of mutation {unknown}
 I - a potion of ambrosia {unknown}
 K - a potion of brilliance {unknown}
 L - a potion of degeneration {unknown}
Books
 y - a Young Poisoner's Handbook
Comestibles
 f - 4 bread rations
 g - 4 meat rations
 k - 5 fruits
 z - a royal jelly

Dungeon Overview and Level Annotations

Branches:
Dungeon (4/15)
 Temple: D:4-7

Altars:
Fedhas
Trog

*,,,* *#*****,* *..,,,,,*
****.####*,*
#######*,,,.#..,,,****
*******#..>...,,,,../,,,,,,,*****
,,,,,,,#.#....,,,,..,,,,,,,,,,,,,
,,,,,.,#.....#####.#,*##*,,,*****
,,,,,..#........f#)#...#*,,,* *
,,,,............ol...#***,,,** *
****,..#...#...#.......#**+*<* *
**#.#.......#....##.# *,,,* *
#.....#.#.##+###*,****,,* *
###.............,,,,,,,,* *
#####..##.....,,,,***,** *
#..#*....,,,,,,,,,,* *
#####..##*..,***,,,,,,,***


You could see an iguana and an orc wizard.


Message History

Okay, then.
You hit the iguana but do no damage.
The iguana is severely wounded.
The orc wizard completely misses you. The iguana closely misses you.
Unknown command.
You hit the orc wizard.
The orc wizard is heavily wounded.
The orc wizard gestures at you while chanting.
You are confused.
Drink which item? (? for menu, Esc to quit)
It was a potion of curing.
You feel better. The iguana barely misses you.
The orc wizard gestures at you while chanting.
The puff of flame hits you!
* * * LOW HITPOINT WARNING * * *
You hit the iguana.
The iguana is severely wounded.
The iguana bites you.
* * * LOW HITPOINT WARNING * * *
The orc priest mumbles some strange prayers to Beogh.
You feel a wave of unholy energy pass over you.
Unknown command.
You hit the iguana. You bite the iguana. You drain its power.
You feel invigorated.
The iguana is almost dead.
The orc wizard barely misses you. The iguana closely misses you.
Unknown command.
You hit the orc wizard.
The orc wizard is severely wounded.
The orc wizard misses you. The iguana bites you!
You die...

Action                   |  1- 3 |  4- 6 |  7- 9 || total
-------------------------+-------+-------+-------++-------
Melee: Short sword       |    72 |       |       ||    72
       Whip              |    10 |   129 |   134 ||   273
 Fire: Blowgun           |       |       |     2 ||     2
Evoke: Wand              |     4 |     3 |     1 ||     8
  Use: Scroll            |       |     2 |    16 ||    18
       Potion            |       |       |     1 ||     1
 Stab: Paralysed         |     1 |       |       ||     1
       Sleeping          |       |     1 |     2 ||     3
  Eat: Chunk             |       |     3 |     3 ||     6

Vault maps used:
D:1:      dpeg_arrival_snail
D:2:      first_bread
D:3:      nicolae_overflow_hidden_temple, gup_sewer_entry_glass
D:4:      lemuel_round_altar, enter_ossuary_1, hangedman_decor_diamond_cutter
Sewer:    sewer_frog_island_01
Ossuary:  ossuary_crypta

Notes
Turn   | Place    | Note
--------------------------------------------------------------
     0 | D:1      | RobertPalmer, the Vine Stalker Artificer, began the quest for the Orb.
     0 | D:1      | Reached XP level 1. HP: 9/9 MP: 1/1
    60 | D:1      | Reached skill level 1 in Short Blades
   156 | D:1      | Reached XP level 2. HP: 7/14 MP: 3/3
   417 | D:1      | Reached skill level 3 in Evocations
   770 | D:1      | Reached XP level 3. HP: 17/17 MP: 5/5
   973 | D:2      | Reached skill level 1 in Maces & Flails
   973 | D:2      | Reached XP level 4. HP: 19/21 MP: 5/7
  1292 | D:2      | Reached skill level 2 in Maces & Flails
  1626 | D:3      | Reached XP level 5. HP: 25/25 MP: 10/10
  1675 | D:3      | Found a glowing drain.
  1698 | Sewer    | Entered a sewer
  1723 | Sewer    | Noticed hhkb's ghost (average OpEn)
  1734 | Sewer    | Killed hhkb's ghost
  1734 | Sewer    | Reached skill level 4 in Maces & Flails
  1734 | Sewer    | Gained mutation: You heal very quickly. [vine stalker growth]
  1734 | Sewer    | Reached XP level 6. HP: 27/29 MP: 11/11
  1992 | Sewer    | Reached skill level 5 in Maces & Flails
  1993 | Sewer    | Reached XP level 7. HP: 30/32 MP: 10/13
  2394 | D:3      | Found a blossoming altar of Fedhas.
  2698 | D:4      | Reached skill level 6 in Maces & Flails
  2720 | D:4      | Found a bloodstained altar of Trog.
  2788 | D:4      | Found a sand-covered staircase.
  2795 | Ossuary  | Entered an ossuary
  2891 | Ossuary  | Reached skill level 7 in Maces & Flails
  3126 | D:4      | Gained mutation: You have razor-sharp teeth. [vine stalker growth]
  3126 | D:4      | Reached XP level 8. HP: 27/37 MP: 11/16
  3139 | D:4      | HP: 2/37 [iguana (4)]
  3141 | D:4      | Slain by an iguana

Vanquished Creatures
  The ghost of hhkb the Sneak, an average OpEn (Sewer)
  2 giant frogs (Sewer)
  A scorpion (D:4)
  2 centaur zombies (Ossuary)
  A giant frog skeleton (D:4)
  2 orc wizards (D:4)
  An orc priest (D:4)
  2 worker ants (D:4)
  A big kobold zombie (Ossuary)
  4 mummies (Ossuary)
  A gnoll (D:2)
  8 adders
  3 worms
  2 giant mites
  8 giant geckos
  2 oozes
  2 orcs (D:4)
  2 ball pythons (Sewer)
  13 giant cockroaches
  10 goblins
  8 hobgoblins
  6 jackals (D:3)
  7 kobolds
  A quokka (D:2)
  2 bats (D:2)
  5 giant newts
  A hobgoblin zombie (Ossuary)
  4 kobold zombies (Ossuary)
  8 rats
110 creatures vanquished.

Vanquished Creatures (collateral kills)
  A gnoll (D:2)
  A quokka (D:2)
2 creatures vanquished.

Vanquished Creatures (others)
  2 gnolls (D:2)
2 creatures vanquished.

Grand Total: 114 creatures vanquished
